AoeStats
← Iaguinho Ohh+ Brabo

Nomad

508888441Analyzed
3v3 RM · 9d ago on Sep 24, 2026· 49m 11s· 6 players
Game mode
Random Map
Map size
210×210
Population
200
Speed
Normal
Resources
Standard
Victory
Conquest
Starting age
Dark Age
Ending age
Imperial Age
RankedLock teamsTeams togetherTeam positionsShared explorationLock speedFull tech treeHidden civsTurbo modeCheats
Victory
Defeat
🇭🇰 Persians · Hong Kong SAR China
875
+12
🇨🇳 Spanish · China
869
+13
🇨🇳 Franks · China
856
+13
🇧🇷 Franks · Brazil
809
-13
🇪🇸 Maya · Spain
801
-13
🇦🇷 Italians · Argentina
779
-12
Iaguinho Ohh+ Brabo
14:46 Feudal Age
15:20 Town Watch
15:31 Double-Bit Axe
20:37 Wheelbarrow
20:42 Scale Barding Armor
20:48 Forging
28:15 Castle Age
28:34 Light Cavalry
29:17 Husbandry
29:41 Chain Barding Armor
29:57 Iron Casting
36:38 Hand Cart
36:37 Bow Saw
38:03 Gold Mining
38:04 Stone Mining
44:23 Imperial Age
43:11 Fervor
44:35 Cavalier
45:32 Chivalry
45:55 Conscription
46:17 Plate Barding Armor
46:43 Blast Furnace
46:14 Paladin
Casy2210
5:26 Loom
16:29 Feudal Age
18:01 Horse Collar
18:10 Double-Bit Axe
18:45 Town Watch
23:06 Castle Age
27:37 Fletching
27:48 Padded Archer Armor
31:02 Bodkin Arrow
31:23 Leather Archer Armor
37:45 Imperial Age
35:17 Town Patrol
38:06 Bow Saw
37:59 Heavy Plow
38:57 Ballistics
39:23 Elite Plumed Archer
41:26 Chemistry
40:40 Bracer
42:14 Ring Archer Armor
42:40 Murder Holes
44:28 Chemistry
favrizio92
5:39 Loom
15:07 Feudal Age
15:57 Fishing Lines
18:59 Wheelbarrow
18:16 Double-Bit Axe
18:36 Horse Collar
18:57 Gold Mining
25:12 Castle Age
24:35 Forging
24:30 Scale Barding Armor
24:57 Fletching
26:04 Bloodlines
25:15 Light Cavalry
26:02 Heavy Plow
26:17 Bow Saw
27:25 Husbandry
27:21 Gillnets
29:37 Town Watch
彬彬有礼
4:15 Loom
17:04 Feudal Age
21:48 Castle Age
21:48 Double-Bit Axe
25:37 Bow Saw
31:38 Husbandry
33:07 Forging
33:03 Scale Barding Armor
34:24 Wheelbarrow
37:44 Imperial Age
35:23 Gold Mining
35:23 Stone Mining
36:15 Iron Casting
36:07 Chain Barding Armor
39:33 Chemistry
37:59 Cavalier
39:57 Ballistics
40:54 Gold Shaft Mining
40:59 Plate Barding Armor
41:25 Blast Furnace
42:08 Conscription
42:25 Paladin
47:45 Elite Throwing Axeman
48:28 Chivalry
47:51 Ordonnance Companies
旺旺
16:31 Feudal Age
17:16 Double-Bit Axe
22:02 Stone Mining
24:30 Castle Age
22:50 Horse Collar
29:38 Arson
31:19 Squires
35:25 Gold Mining
36:02 Scale Mail Armor
37:16 Bow Saw
37:42 Heavy Plow
47:00 Imperial Age
46:23 Wheelbarrow
46:53 Scale Barding Armor
48:21 Crop Rotation
48:41 Pikeman
Ming
4:08 Loom
17:24 Feudal Age
19:46 Stone Mining
22:01 Castle Age
20:06 Gold Mining
20:17 Fishing Lines
22:21 Forging
23:23 Double-Bit Axe
23:44 Gillnets
28:15 Bloodlines
28:05 Husbandry
29:18 Horse Collar
32:21 Imperial Age
31:09 Wheelbarrow
32:29 Cavalier
34:35 Scale Barding Armor
35:06 Iron Casting
36:12 Chain Barding Armor
36:19 Conscription
37:45 Hand Cart
38:50 Stone Shaft Mining
40:00 Elite Conquistador
41:41 Fletching
42:52 Blast Furnace
42:27 Plate Barding Armor
45:29 Heavy Plow
46:18 Paladin
48:13 Bodkin Arrow
48:18 Scale Mail Armor
48:19 Padded Archer Armor
Connection lost

Rejoining the realm…

Still unreachable

The connection could not be restored.

Session expired

The server has moved on; the page needs a fresh start.